 Dungeon Crawl Stone Soup version 0.29-a0-823-gc37b1572da (webtiles) character file.

Game seed: 8439119071850435935

13 zeratav the Stinger (level 2, 0/17 HPs)
             Began as an Octopode Venom Mage on July 8, 2022.
             Slain by a kobold
             ... wielding a +0 club
              (5 damage)
             ... on level 1 of the Dungeon.
             The game lasted 00:01:05 (860 turns).

zeratav the Stinger (Octopode Venom Mage)            Turns: 860, Time: 00:01:06

Health: 0/17       AC:  1    Str:  7    XL:     2   Next: 37%
Magic:  2/5        EV: 13    Int: 17    God:
Gold:   56         SH:  0    Dex: 12    Spells: 4/5 levels left

rFire   . . .      SeeInvis .   b - +0 club {mace}
rCold   . . .      Faith    .   (no shield)
rNeg    . . .      Spirit   .   (helmet restricted)
rPois   .          Reflect  .   (no amulet)
rElec   .          Harm     .   (no ring)
rCorr   .          Rampage  .   (no ring)
Will    .....                   (no ring)
Stlth   +++.......              (no ring)
HPRegen 0.05/turn               (no ring)
MPRegen 0.09/turn               (no ring)
                                (no ring)
                                (no ring)

@: no status effects
A: almost no armour, amphibious, 8 rings, camouflage 1, gelatinous body 1,
(nimble swimmer 1), tentacles
a: no special abilities


You were on level 1 of the Dungeon.
You visited 1 branch of the dungeon, and saw 2 of its levels.

You collected 56 gold pieces.


Innate Abilities, Weirdness & Mutations

You cannot wear most types of armour.
You are amphibious.
You can wear up to eight rings at the same time.
Your skin changes colour to match your surroundings (Stealth+).
Your rubbery body absorbs attacks. (AC +1, EV +1)
((You are camouflaged when in or above water. (Stealth+)))
You have tentacles for arms and can constrict up to eight enemies at once.


   Skills:
 - Level 2.0 Dodging
 + Level 3.5 Stealth
 - Level 2.0 Spellcasting
 - Level 1.0 Transmutations
 + Level 4.1 Poison Magic


You had 4 spell levels left.
You knew the following spells:

 Your Spells              Type           Power      Damage    Failure   Level
a - Sting                 Tmut/Pois      40%        1d5       7%          1

Your spell library contained the following spells:

 Spells                   Type           Power      Damage    Failure   Level
 Poisonous Vapours        Pois/Air       16%        N/A       13%         2
 Passwall                 Tmut/Erth      2%         N/A       24%         2
 Ensorcelled Hibernation  Hex/Ice        2%         N/A       28%         2
 Mephitic Cloud           Conj/Pois/Air  6%         N/A       32%         3
 Olgreb's Toxic Radiance  Pois           15%        N/A       34%         4
 Swiftness                Air            1%         N/A       50%         3

Inventory:

Hand Weapons
 b - a +0 club (weapon) {mace}
   (You took it off a goblin on level 1 of the Dungeon)
Scrolls
 c - a scroll of magic mapping {unknown}
 d - a scroll of poison {unknown}
Potions
 a - a potion of magic
 e - a potion of might {unknown}
 f - 2 potions of lignification {unknown}

Dungeon Overview and Level Annotations

Branches:
Dungeon (2/15) Zot: 11138

Altars:
#.##.# #.# #.##.# #.# #.##.# #.# #.##.### #.# #....[.###.# ########...# ♣#♣♣♣P# #.### PP.≈.PP

#.#
P.....PP#@#
......)P#K#
#
...§..K..K#
#
.......P###
# P...÷.PP#
# P#...PP♣#
# PP♣P♣♣♣ #
##


You could see 2 kobolds.


Message History

You now have 56 gold pieces (gained 4).
There is a stone staircase leading down here.
You see here a +0 ring mail.
A kobold comes into view. It is wielding a +0 club.
A kobold is nearby!
The sting hits the kobold.
The kobold is poisoned.
The kobold shouts!
MP[-1]
You lost 1 mp, and now have 4/5 mp.
The sting hits the kobold.
The kobold looks even sicker.
You kill the kobold!
MP[-1]
You lost 1 mp, and now have 3/5 mp.
You can't see any susceptible monsters within range! (Use Z to cast anyway.)
Things that are here:
a +0 club {mace}; a stone {throwing} A frilled lizard comes into view.
MP[+2]
Your mp is fully restored (5).
A frilled lizard is nearby!
A frilled lizard is nearby!
The sting hits the frilled lizard.
The frilled lizard is poisoned.
You kill the frilled lizard!
MP[-1]
You lost 1 mp, and now have 4/5 mp.
You can't see any susceptible monsters within range! (Use Z to cast anyway.)
You can't see any susceptible monsters within range! (Use Z to cast anyway.)
A kobold comes into view. It is wielding a +0 short sword.
MP[+1]
Your mp is fully restored (5).
A kobold is nearby!
The sting hits the kobold but does no damage.
The kobold is poisoned.
The kobold shouts!
The kobold closely misses you.
MP[-1]
You lost 1 mp, and now have 4/5 mp.
The sting misses the kobold.
The kobold hits you with a +0 short sword.
HP[-4] MP[-1]
You take 4 damage, and now have 13/17 hp.
MASSIVE DAMAGE!! (PAUSE)
You lost 1 mp, and now have 3/5 mp.
The sting hits the kobold.
The kobold looks even sicker.
You kill the kobold!
MP[-1]
You lost 1 mp, and now have 2/5 mp.
You can't see any susceptible monsters within range! (Use Z to cast anyway.)
Things that are here:
a +0 short sword {short}; a kobold corpse 4 kobolds come into view.
The kobold shouts!
You hear a shout!
You hear an angry hiss. x2
The kobold throws a stone.
The stone hits you.
The kobold moves out of view.
There are monsters nearby!
HP[+3] MP[+3]
You regained 3 hp, and now have 16/17 hp.
Your mp is fully restored (5).
There are monsters nearby!
A kobold comes into view. It is wielding a +0 club.
The kobold throws a stone.
The stone hits you but does no damage.
The kobold throws a stone.
The stone hits you.
HP[-1]
You take 1 damage, and now have 15/17 hp.
The sting hits the kobold.
The kobold is poisoned.
The kobold shouts!
The kobold barely misses you.
MP[-1]
You lost 1 mp, and now have 4/5 mp.
The sting hits the kobold.
The kobold looks even sicker.
You kill the kobold!
The kobold hits you with a +4 dagger. The kobold hits you but does no damage.
HP[-5] MP[-1]
You take 5 damage, and now have 10/17 hp.
MASSIVE DAMAGE!! (PAUSE)
You lost 1 mp, and now have 3/5 mp.
The sting hits the kobold.
The kobold is poisoned.
You kill the kobold!
The kobold barely misses you.
The kobold throws a stone.
The stone hits you.
HP[-1] MP[-1]
You take 1 damage, and now have 9/17 hp.
You lost 1 mp, and now have 2/5 mp.
The kobold attacks as you move away! The kobold closely misses you.
The kobold throws a stone.
The stone closely misses you.
Casting: Sting (safe; 7% risk of failure)
Confirm with . or Enter, or press ? or * to list all spells.
Aiming: Sting (safe; 7% risk of failure)
Press: ? - help, Shift-Dir - straight line, f - kobold
Aim: a kobold, wielding a +4 dagger and quivering stones (64% to hit)
The sting hits the kobold.
The kobold is poisoned.
MP[-1]
You lost 1 mp, and now have 1/5 mp.
You hit the kobold.
You kill the kobold!
You hit the kobold but do no damage. Your grab misses the kobold.
The kobold closely misses you.
You barely miss the kobold. You grab the kobold. You constrict the kobold.
The kobold hits you with a +0 club.
* * * LOW HITPOINT WARNING * * *
The kobold hits you with a +0 club.
You die...

Skill      XL: |  1  2 |
---------------+-------+-----
Stealth        | 3 |  3.5
Poison Magic   | 4 |  4.1
Dodging        | |  2.0
Spellcasting   | |  2.0
Transmutations | |  1.0

Action                   || total
-------------------------++-------
Melee: Club              ||     4
       Constrict         ||     1
 Cast: Sting             ||    25
Armor: Skin              ||     3
Dodge: Dodged            ||    10

Levels and vault maps discovered:
D:1:      denvon_arrival_waterhouse, layout_loops_ring, minmay_misc_feat_cross,
          dk_noncrumbling_3, lexackson_kobold_supper
D:2:      layout_loops_corners, serial_shops, nicolae_shop_bloodbath_and_beyond,
          basic_altar, uniq_sigmund, uniq_terence

Notes
Turn   | Place    | Note
-------+----------+-------------------------------------------
     0 | D:1      | zeratav the Octopode Venom Mage began the quest for the
                  | Orb.
     0 | D:1      | Reached XP level 1. HP: 11/11 MP: 3/3
     0 | D:1      | magus.rc [v1.9.6]
   195 | D:1      | You fall into a shaft and drop 1 floor!
   367 | D:1      | Reached skill level 3 in Stealth
   473 | D:1      | You pick up a book of Burglary and begin reading...
   473 | D:1      | You add the spells Passwall, Ensorcelled Hibernation and
                  | Swiftness to your library.
   540 | D:1      | Reached XP level 2. HP: 17/17 MP: 0/5
   602 | D:1      | Reached skill level 4 in Poison Magic
   860 | D:1      | Slain by a kobold

Vanquished Creatures
  An endoplasm (D:1)
  A goblin (D:1)
  2 ball pythons (D:1)
  A bat (D:1)
  3 frilled lizards (D:1)
  5 kobolds (D:1)
  A rat (D:1)
14 creatures vanquished.

Vanquished Creatures (others)
  6 plants (D:1)
6 creatures vanquished.

Grand Total: 20 creatures vanquished

Table legend:
 A = Non-vault XP
 B = Vault XP
 C = Vault XP percentage of total XP
 D = Non-vault monster count
 E = Vault monster count
 F = Vault count percentage of total count
                 A         B        C        D         E       F
            +---------+---------+-------+---------+---------+-------
      Total |      14 |       5 |  26.3 |      11 |       3 |  21.4
            +---------+---------+-------+---------+---------+-------
        D:1 |      14 |       5 |  26.3 |      11 |       3 |  21.4
            +---------+---------+-------+---------+---------+-------

Illustrated notes

Table legend:
 A = Kills in this place as a percentage of kills in entire the game.
 B = Kills by you in this place as a percentage of kills by you in the entire game.
 C = Kills by friends in this place as a percentage of kills by friends in the entire game.
 D = Other kills in this place as a percentage of other kills in the entire game.
 E = Experience gained in this place as a percentage of experience gained in the entire game.
 F = Experience gained in this place divided by the number of levels of this place that you have seen.
                   A       B       C       D       E      F
               +-------+-------+-------+-------+-------+----------------------
         Total | 100.0 | 100.0 |   N/A |   N/A | 100.0 |   9.5
       Dungeon | 100.0 | 100.0 |   N/A |   N/A | 100.0 |   9.5
               +-------+-------+-------+-------+-------+----------------------

Table legend: (Time is in decaauts)
 A = Elapsed time spent in this place.
 B = Non-inter-level travel time spent in this place.
 C = Inter-level travel time spent in this place.
 D = Time resting spent in this place.
 E = Time spent auto-exploring this place.
 F = Levels seen in this place.
 G = Mean time per level.
                   A        B        C        D        E       F      G
               +--------+--------+--------+--------+--------+-----+--------+
         Total |    860 |    855 |      5 |      0 |    772 |   2 |  430.0 |
       Dungeon |    860 |    855 |      5 |      0 |    772 |   2 |  430.0 |
               +--------+--------+--------+--------+--------+-----+--------+

Top non-repeatable levels by time:
     D:1: 855 daAuts
     D:2: 4 daAuts
